 Dungeon Crawl Stone Soup version 0.31-a0-198-g2ad674f65e (webtiles) character file.

Game seed: 3007790095340056012

9 qw the Shooter (level 2, 0/16 HPs)
             Began as a Deep Elf Hunter on June 25, 2023.
             Slain by a hobgoblin (4 damage)
             ... on level 1 of the Dungeon.
             The game lasted 00:00:04 (124 turns).

qw the Shooter (Deep Elf Hunter)                     Turns: 124, Time: 00:00:05

Health: 0/16       AC:  3    Str:  8    XL:     2   Next: 6%
Magic:  4/4        EV:  9    Int: 13    God:
Gold:   63         SH:  0    Dex: 18    Spells: 1/1 levels left

rFire   . . .        a - +0 shortbow
rCold   . . .        (shield currently unavailable)
rNeg    . . .        c - +0 leather armour
rPois   .            (no helmet)
rElec   .            (no cloak)
rCorr   .            (no gloves)
SInv    .            (no boots)
Will    .....        (no amulet)
Stlth   ++           (no ring)
HPRegen 0.22/turn    (no ring)
MPRegen 0.09/turn

%: no passive effects
@: constricted
A: no striking features
a: no special abilities


You were on level 1 of the Dungeon.
You visited 1 branch of the dungeon, and saw 1 of its levels.

You collected 63 gold pieces.


   Skills:
 - Level 1.5 Fighting
 + Level 6.0 Ranged Weapons
 - Level 2.4 Dodging
 - Level 1.2 Stealth


You had one spell level left.
You didn't know any spells.
Your spell library was empty.

Inventory:

Hand Weapons
 a - a +0 shortbow (weapon)
Armour
 c - a +0 leather armour (worn)
Scrolls
 b - a scroll of butterflies
 d - a scroll of vulnerability {unknown}

Dungeon Overview and Level Annotations

Branches:
Dungeon (1/15)

Altars:


Message History

Enter note: You shoot an arrow.
The arrow hits the hobgoblin.
The hobgoblin shouts!
The hobgoblin is lightly wounded.
You hear an angry hiss.
Found a scroll labelled BAUMEJ NIWOM.
A ball python comes into view.
You see here 9 gold pieces.
You shoot an arrow. The ball python hisses angrily.
The arrow hits the ball python but does no damage.
You shoot an arrow.
The arrow hits the ball python but does no damage.
The ball python bites you. The ball python closely misses you. x2
The ball python barely misses you.
You shoot an arrow. The arrow hits the ball python.
The ball python is moderately wounded.
The ball python bites you but does no damage.
The ball python barely misses you.
You shoot an arrow.
The arrow closely misses the ball python.
The ball python closely misses you. The ball python grabs you.
The ball python constricts you. The hobgoblin hits you.
You shoot an arrow.
The arrow barely misses the ball python.
The ball python bites you but does no damage.
The ball python constricts you.
The hobgoblin hits you but does no damage.
The ball python bites you. The ball python constricts you.
You shoot an arrow.
The arrow hits the ball python but does no damage.
The ball python is moderately wounded.
The ball python bites you. The ball python constricts you.
The hobgoblin hits you.
You shoot an arrow.
The arrow hits the ball python but does no damage.
The ball python is moderately wounded.
The ball python barely misses you. The ball python constricts you.
The hobgoblin hits you.
You die...

#.......# ##.....##
#.......### # #
#.........##### ##.#
#..........#...
#....####...........##
...................###
...###.####..........
#@g.#(.#..........
#.S.#..#..........
###)..............
...###..........
.#!.?#..........
.#...#..........
.####.###..........
............%..#...
..#...###.....##...


You could see a hobgoblin and a ball python.

Vanquished Creatures
  4 endoplasms (D:1)
  A giant cockroach (D:1)
  A ball python (D:1)
  2 frilled lizards (D:1)
  A kobold (D:1)
9 creatures vanquished.

Notes
Turn   | Place    | Note
-------+----------+-------------------------------------------
     0 | D:1      | qw the Deep Elf Hunter began the quest for the Orb.
     0 | D:1      | Reached XP level 1. HP: 12/12 MP: 3/3
     0 | D:1      | 0 ||| qw: Version: 0.3-a-22-g0ed2b0b
     0 | D:1      | 0 ||| qw: Game counter: 5019
     0 | D:1      | 0 ||| qw: Melee chars always use a shield: true
     0 | D:1      | 0 ||| qw: God list: Okawaru
     0 | D:1      | 0 ||| qw: Allow faded altars: false
     0 | D:1      | 0 ||| qw: Do Orc after clearing Dungeon:15 true
     0 | D:1      | 0 ||| qw: Do second Lair branch before Depths: true
     0 | D:1      | 0 ||| qw: Lair rune preference: random
     0 | D:1      | 0 ||| qw: Goals: Normal
     0 | D:1      | 0 ||| PLANNING D:1-11
   106 | D:1      | Reached XP level 2. HP: 16/16 MP: 4/4
   111 | D:1      | Reached skill level 6 in Ranged Weapons
   123 | D:1      | HP: 4/16 [hobgoblin (2)]
   124 | D:1      | Slain by a hobgoblin

Levels and vault maps discovered:
D:1:      scummos_arrival_forest, layout_rooms, st_stairs_2, minmay_octomino_c4

Skill      XL: |  1  2 |
---------------+-------+-----
Ranged Weapons | 6 |  6.0
Fighting       | |  1.5
Dodging        | |  2.4
Stealth        | |  1.2

Action                     || total
---------------------------++-------
   Fire: Shortbow          ||    29
 Armour: Leather armour    ||     4
  Dodge: Dodged            ||     7

Table legend:
 A = Non-vault XP
 B = Vault XP
 C = Vault XP percentage of total XP
 D = Non-vault monster count
 E = Vault monster count
 F = Vault count percentage of total count
                 A         B        C        D         E       F
            +---------+---------+-------+---------+---------+-------
      Total |       5 |       9 |  64.3 |       3 |       6 |  66.7
            +---------+---------+-------+---------+---------+-------
        D:1 |       5 |       9 |  64.3 |       3 |       6 |  66.7
            +---------+---------+-------+---------+---------+-------
